 Dungeon Crawl Stone Soup version 0.30.0-19-g36f170ea60 (webtiles) character file.

Game seed: 7034840780613594187

15743 monsoonserge the Martial Artist (level 12, 0/86 HPs)
             Began as a Demonspawn Monk on May 26, 2023.
             Was a High Priest of Wu Jian.
             Slain by an orc warlord
             ... wielding a +2 war axe of electrocution
              (9 damage)
             ... on level 1 of the Orcish Mines.
             The game lasted 00:53:01 (12705 turns).

monsoonserge the Martial Artist (Demonspawn Monk)  Turns: 12705, Time: 00:53:03

Health: 0/86       AC: 17    Str: 15    XL:     12   Next: 3%
Magic:  0/12       EV: 13    Int: 17    God:    Wu Jian [*****.]
Gold:   1003       SH:  5    Dex: 18    Spells: 9/11 levels left

rFire   . .          .
                       - Unarmed
rCold   . . .        b - +0 buckler
rNeg    . . .        Q - +0 swamp dragon scales
rPois   +            k - +0 helmet
rElec   .            v - +0 cloak
rCorr   +            (no gloves)
SInv    .            L - +0 pair of boots
Will    ++++.        P - amulet of guardian spirit
Stlth   +            l - ring "Xihuta" {rPois rF- Will+++ rCorr Int+6}
HPRegen 0.34/turn    Z - ring of willpower
MPRegen 0.13/turn

%: guardian spirit
@: about to teleport
A: claws 2, molten scales 3, powered by death 1, spiny 1
a: Renounce Religion, Wall Jump, Serpent's Lash, Heavenly Storm


You were on level 1 of the Orcish Mines.
You worshipped Wu Jian.
Wu Jian was extremely pleased with you.
You visited 4 branches of the dungeon, and saw 14 of its levels.
You also visited: Ossuary.

You collected 1003 gold pieces.

Inventory:

Hand Weapons
 m - a +1 dagger of venom
 X - a +5 shortbow of freezing
Missiles
 f - 6 boomerangs (quivered)
 G - 32 poisoned darts
 H - 5 throwing nets
 N - 10 javelins
 O - 4 curare-tipped darts
Armour
 b - a +0 buckler (worn)
 d - an orb of light
 k - a +0 helmet (worn)
 v - a +0 cloak (worn)
 L - a +0 pair of boots (worn)
 Q - +0 swamp dragon scales (worn)
 V - a +0 plate armour
Jewellery
 l - the ring "Xihuta" (left claw) {rPois rF- Will+++ rCorr Int+6}
   (You acquired it on level 1 of the Lair of Beasts)

   [ring of intelligence]

   Int:       It affects your intelligence (+6).
   rF:        It makes you vulnerable to fire.
   rPois:     It protects you from poison.
   rCorr:     It protects you from acid and corrosion.
   Will:      It greatly increases your willpower.
 P - an amulet of guardian spirit (around neck)
 T - a ring of wizardry
 U - an amulet of the acrobat
 Z - a ring of willpower (right claw)
Wands
 x - a wand of charming (21)
 y - a wand of flame (41)
 B - a wand of polymorph (9)
 J - a wand of roots (21)
Scrolls
 h - 2 scrolls of immolation
 i - 3 scrolls of magic mapping
 j - 6 scrolls of teleportation
 n - 6 scrolls of vulnerability
 o - a scroll of amnesia {unknown}
 q - 4 scrolls of brand weapon
 r - a scroll of butterflies {unknown}
 s - 2 scrolls of torment
 t - a scroll of silence
 D - 3 scrolls of enchant weapon
 F - a scroll of fog
 I - 4 scrolls of enchant armour
 W - 2 scrolls of fear
 Y - a scroll of poison
Potions
 a - 3 potions of brilliance
 c - 2 potions of ambrosia
 e - a potion of mutation {unknown}
 g - 5 potions of might
 p - a potion of attraction {unknown}
 w - 4 potions of lignification
 z - 7 potions of curing
 A - 3 potions of haste
 C - 4 potions of flight
 E - a potion of berserk rage {unknown}
 K - a potion of cancellation {unknown}
 R - 3 potions of heal wounds
Miscellaneous
 S - a piece from Xom's chessboard (15/15)


   Skills:
 + Level 5.2 Fighting
 - Level 2.0(3.2) Short Blades
 - Level 4.0(4.2) Long Blades
 + Level 1.2 Throwing
 + Level 7.0 Armour
 + Level 5.9 Dodging
 + Level 0.9 Stealth
 + Level 1.6 Shields
 * Level 14.1 Unarmed Combat
 - Level 0.1 Spellcasting
 - Level 0.1 Hexes
 - Level 0.3 Ice Magic
 - Level 3.0 Evocations


You had 9 spell levels left.
You knew the following spells:

 Your Spells              Type           Power      Damage    Failure   Level
a - Ensorcelled Hibernat  Hex/Ice        0%         N/A       61%         2

Your spell library contained the following spells:

 Spells                   Type           Power      Damage    Failure   Level
 Passwall                 Tmut/Erth      0%         N/A       65%         2
 Tukima's Dance           Hex            0%         N/A       85%         3
 Ignite Poison            Fire/Tmut/Pois 0%         N/A       86%         3
 Portal Projectile        Hex/Tloc       0%         N/A       86%         3
 Swiftness                Air            0%         N/A       86%         3
 Sticky Flame             Conj/Fire      0%         2d3       99%         4
 Blade Hands              Tmut           0%         N/A       100%        5
 Summon Forest            Summ/Tloc      0%         N/A       100%        5
 Eringya's Noxious Bog    Tmut/Pois      0%         N/A       100%        6
 Summon Hydra             Summ           0%         N/A       100%        7
 Ignition                 Fire           0%         3d3       100%        8


Dungeon Overview and Level Annotations

Branches:
Dungeon (9/15)             Temple (1/1) D:5            Lair (2/5) D:9
 Spider (0/4) Lair:2          Orc (2/2) D:9         Ossuary (visited)
  Swamp: Lair:2-3    Shoals: Lair:2-3       Elf: Orc:2

Altars:
Ashenzari
Cheibriados
Dithmenos
Fedhas
Gozag
Hepliaklqana
Kikubaaqudgha
Makhleb
Nemelex Xobeh
Okawaru
Qazlal
Ru
Sif Muna
Trog
Uskayaw
Vehumet
Wu Jian
Xom
Yredelemnul

Shops:
D:5 :[((:   D:7 *


Innate Abilities, Weirdness & Mutations

You have very sharp fingernails.
You are completely covered in molten scales. (AC +4, rF+)
You regenerate a little health from kills.
You are partially covered in sharp spines.


Message History

There is a stone staircase leading down here.
You start resting.
HP restored.
You climb downwards.
The orc shouts!
You hear a shout!
The orc warlord roars a battlecry!
The orcs go into a battle-frenzy!
The orc warrior barely misses you.
The orc sorcerer gestures wildly while chanting.
The orc warrior shoots a bolt.
The bolt hits you!
The orc knight shoots a bolt.
The bolt hits you!
The orc high priest completely misses you.
An orc sorcerer comes into view. It is wielding a +0 dagger.
An orc warrior comes into view. It is wielding a +0 short sword.
The orc warrior is struck by your spines.
The orc warrior hits you with a +0 broad axe.
There is a stone staircase leading up here.
The orc warrior shouts!
You hear a shout!
The orc knight shoots a bolt.
The bolt hits you!
The orc warrior shoots a bolt.
The bolt barely misses you.
The bolt hits the orc warlord!!
The orc high priest hits you but does no damage.
The orc warrior hits you with a +0 broad axe!
The orc sorcerer points at you and mumbles some strange words.
The bolt of fire misses the orc priest.
The bolt of fire hits you!!
The orc warlord roars a battlecry!
The orcs go into a battle-frenzy!
You hear a shout!
You climb upwards.
There is a stone staircase leading down here.
Press: ? - help, v - describe, . - travel
Here: an orc warlord, wielding a +2 war axe of electrocution and wearing a +0 plate armour (lightly wounded)
The floor.
As you read the scroll of teleportation, it crumbles to dust.
You feel strangely unstable.
The orc warrior hits you with a +0 broad axe!!
* * * LOW HITPOINT WARNING * * *
The orc warlord hits you with a +2 war axe of electrocution.
* * * LOW HITPOINT WARNING * * *
You are electrocuted!
You die...

.####......#....#..####
<.#
##.#..#...).#...#.##
###
#.....##...#)......##
##.#.##..####.......#
######...##.##..#.##
##........####
##.......# #.#oo..##
###.@[## #.#.# #####


You could see an orc warlord and an orc warrior (strong).

Vanquished Creatures
  3 two-headed ogres
  A black mamba (Lair:2)
  Maggie (D:7)
  2 cane toads
  2 kobold demonologists (D:7)
  A komodo dragon (Lair:1)
  2 trolls
  2 tarantellas (Lair:2)
  5 blink frogs (Lair:1)
  Prince Ribbit (D:6)
  7 dream sheep (Lair:1)
  Sigmund (D:5)
  8 yaks
  Grum (D:8)
  A steam dragon (D:8)
  2 basilisks
  An acid dragon (D:9)
  A warg (Orc:1)
  4 water moccasins
  Duvessa (D:5)
  11 orc warriors
  2 ice beasts
  2 black bears
  3 ogres
  7 wolves
  5 phantoms
  2 centaurs
  6 kobold brigands
  3 elf zombies (Ossuary)
  A wyvern zombie (D:7)
  2 bullfrogs
  A gnoll sergeant (D:9)
  A scorpion (D:7)
  6 wights
  Dowan (D:5)
  7 killer bees
  3 electric eels (D:9)
  2 centaur zombies
  5 howler monkeys
  6 hounds
  A jelly (D:6)
  3 human zombies (Ossuary)
  Crazy Yiuf (D:2)
  7 orc priests
  A gnoll bouda (Temple)
  Terence (D:2)
  A sleepcap (D:6)
  5 iguanas
  Ijyb (D:3)
  13 orc wizards
  A hound zombie (Ossuary)
  3 mummies (Ossuary)
  16 gnolls
  6 adders
  3 white imps
  An ufetubus (D:5)
  4 adder zombies (Ossuary)
  3 dart slugs (D:2)
  41 orcs
  8 endoplasms
  4 giant cockroaches
  8 goblins
  4 hobgoblins
  4 jackals (D:1)
  18 kobolds
  3 quokkas
  3 training dummies (D:5)
  7 ball pythons
  7 bats
  2 frilled lizards (D:3)
  2 gnoll zombies (Ossuary)
  5 goblin zombies (Ossuary)
  A hobgoblin zombie (Ossuary)
  5 jackal zombies (Ossuary)
  4 kobold zombies (Ossuary)
  2 orc zombies (Ossuary)
  6 quokka zombies (Ossuary)
  8 rats
  A rat zombie (Ossuary)
337 creatures vanquished.

Notes
Turn   | Place    | Note
-------+----------+-------------------------------------------
     0 | D:1      | monsoonserge the Demonspawn Monk began the quest for the
                  | Orb.
     0 | D:1      | Reached XP level 1. HP: 18/18 MP: 1/1
   251 | D:1      | Gained mutation: You are partially covered in sharp spines.
                  | [demonic ancestry]
   251 | D:1      | Reached XP level 2. HP: 24/24 MP: 2/2
   864 | D:2      | Reached XP level 3. HP: 29/29 MP: 3/3
   933 | D:2      | Reached skill level 1 in Armour
  1009 | D:2      | Reached XP level 4. HP: 11/37 MP: 4/4
  1142 | D:2      | Noticed Terence
  1156 | D:2      | Killed Terence
  1330 | D:2      | Found a runed translucent door.
  1331 | D:2      | Noticed Crazy Yiuf
  1577 | D:2      | Killed Crazy Yiuf
  1578 | D:2      | Gained mutation: You have sharp fingernails. [demonic
                  | ancestry]
  1578 | D:2      | Reached XP level 5. HP: 37/42 MP: 3/5
  1878 | D:3      | Learned a level 2 spell: Ensorcelled Hibernation
  2039 | D:3      | Noticed Ijyb
  2051 | D:3      | Killed Ijyb
  2733 | D:3      | Reached skill level 1 in Short Blades
  3124 | D:4      | Gained mutation: You have very sharp fingernails. [demonic
                  | ancestry]
  3124 | D:4      | Reached XP level 6. HP: 45/48 MP: 6/6
  3513 | D:5      | Entered Level 5 of the Dungeon
  3604 | D:5      | Reached skill level 1 in Unarmed Combat
  3651 | D:5      | Found Mokey's Book Boutique.
  3679 | D:5      | Reached XP level 7. HP: 49/53 MP: 7/7
  3722 | D:5      | Found Cosom's Firing Range.
  3763 | D:5      | Noticed Duvessa
  3787 | D:5      | Killed Duvessa
  3788 | D:5      | Reached skill level 2 in Unarmed Combat
  3792 | D:5      | Noticed Dowan
  3801 | D:5      | Found Becuranu's Armour Boutique.
  3962 | D:5      | Killed Dowan
  3987 | D:5      | Reached skill level 3 in Unarmed Combat
  4187 | D:5      | Found a staircase to the Ecumenical Temple.
  4203 | Temple   | Entered the Ecumenical Temple
  4475 | Temple   | Reached skill level 4 in Unarmed Combat
  4668 | D:5      | Noticed Sigmund
  4676 | D:5      | Killed Sigmund
  4677 | D:5      | Gained mutation: You are partially covered in molten
                  | scales. (AC +2) [demonic ancestry]
  4677 | D:5      | Reached XP level 8. HP: 60/60 MP: 8/8
  4866 | D:5      | Found Dunkij's Book Boutique.
  5017 | D:5      | Found Yseleq's Antique Weapon Boutique.
  5255 | D:5      | Reached skill level 5 in Unarmed Combat
  5262 | D:5      | HP: 3/61 [poisoned by a wight]
  5402 | D:6      | Noticed Prince Ribbit
  5410 | D:6      | Killed Prince Ribbit
  5411 | D:6      | Reached skill level 6 in Unarmed Combat
  5654 | D:6      | Reached skill level 1 in Throwing
  5654 | D:6      | Reached skill level 5 in Armour
  5657 | D:6      | Gained mutation: You regenerate a little health from kills.
                  | [demonic ancestry]
  5657 | D:6      | Reached XP level 9. HP: 28/66 MP: 9/9
  5824 | D:6      | Reached skill level 7 in Unarmed Combat
  6161 | D:6      | Found an ornate altar of the Wu Jian Council.
  6365 | D:6      | Became a worshipper of the Wu Jian Council
  6365 | D:6      | Reached * piety under Wu Jian
  6365 | D:6      | Reached ** piety under Wu Jian
  6385 | D:7      | Found a hide-covered altar of Uskayaw.
  6597 | D:7      | Reached skill level 8 in Unarmed Combat
  6695 | D:7      | Noticed Maggie
  6713 | D:7      | Killed Maggie
  6937 | D:7      | Noticed a kobold demonologist
  6937 | D:7      | Noticed a kobold demonologist
  6947 | D:7      | Killed a kobold demonologist
  6948 | D:7      | Reached skill level 9 in Unarmed Combat
  6955 | D:7      | Killed a kobold demonologist
  6974 | D:7      | Gained mutation: You are mostly covered in molten scales.
                  | (AC +3) [demonic ancestry]
  6974 | D:7      | Reached XP level 10. HP: 73/73 MP: 10/10
  7176 | D:7      | Found Tocsy's Assorted Antiques.
  7182 | D:7      | Found a burning altar of Makhleb.
  7182 | D:7      | Found a snail-covered altar of Cheibriados.
  7185 | D:7      | Found an ancient bone altar of Kikubaaqudgha.
  7439 | D:7      | Reached skill level 10 in Unarmed Combat
  7446 | D:7      | Found a basalt altar of Yredelemnul.
  7478 | D:8      | Noticed a two-headed ogre
  7485 | D:7      | Reached skill level 1 in Evocations
  7496 | D:8      | Killed a two-headed ogre
  7742 | D:8      | Found a sand-covered staircase.
  7761 | Ossuary  | Entered an ossuary
  7824 | Ossuary  | Reached *** piety under Wu Jian
  8032 | Ossuary  | Reached skill level 11 in Unarmed Combat
  8243 | D:8      | Noticed a two-headed ogre
  8250 | D:8      | Killed a two-headed ogre
  8250 | D:8      | Reached **** piety under Wu Jian
  8251 | D:8      | Reached skill level 1 in Shields
  8443 | D:8      | Noticed Grum
  8462 | D:8      | Killed Grum
  8916 | D:9      | Reached skill level 12 in Unarmed Combat
  9139 | D:9      | Found a staircase to the Lair.
  9161 | D:9      | Reached skill level 5 in Dodging
  9161 | D:9      | Gained mutation: You are completely covered in molten
                  | scales. (AC +4, rF+) [demonic ancestry]
  9161 | D:9      | Reached XP level 11. HP: 50/78 MP: 4/11
  9709 | D:9      | Reached skill level 5 in Fighting
  9748 | D:9      | Noticed a two-headed ogre
  9754 | D:9      | Killed a two-headed ogre
  9758 | D:9      | Found a staircase to the Orcish Mines.
 10105 | Lair:1   | Entered Level 1 of the Lair of Beasts
 10145 | Lair:1   | Upgraded the game from 0.30.0-18-gc0e69614cb to
                  | 0.30.0-19-g36f170ea60
 10381 | Lair:1   | Reached ***** piety under Wu Jian
 10817 | Lair:1   | Reached skill level 13 in Unarmed Combat
 10915 | Lair:1   | Identified a scroll of acquirement
 10922 | Lair:1   | Acquired the ring "Xihuta" {rPois rF- Will+++ rCorr Int+6}
 11639 | Lair:2   | Found a hole to the Spider Nest.
 11639 | Lair:2   | Noticed a pharaoh ant
 12123 | Orc:1    | Entered Level 1 of the Orcish Mines
 12396 | Orc:1    | Reached skill level 14 in Unarmed Combat
 12396 | Orc:1    | Reached XP level 12. HP: 64/86 MP: 8/12
 12649 | Orc:2    | Entered Level 2 of the Orcish Mines
 12650 | Orc:2    | Noticed an orc high priest
 12650 | Orc:2    | Noticed an orc warlord
 12651 | Orc:2    | Noticed an orc high priest
 12654 | Orc:2    | Noticed an orc high priest
 12705 | Orc:1    | Slain by an orc warlord

Illustrated notes

Levels and vault maps discovered:
D:1:      minmay_arrival_split_and_join, layout_loops_ring
D:2:      layout_basic, chequers_serial_rivers_micro_e, uniq_terence,
          uniq_crazy_yiuf_cottage
D:3:      minmay_chambers_of_threes, layout_basic, uniq_ijyb
D:4:      layout_gridville
D:5:      layout_loops_ring, minmay_temple_entry_ruins, serial_shops, shop,
          shop, shop, nicolae_book_shop_shelving, nicolae_shop_firing_range,
          uniq_sigmund, uniq_duvessa
D:6:      layout_basic, nicolae_overflow_hidden_temple, uniq_prince_ribbit1
D:7:      layout_basic, nicolae_uskayaw_suspiria, grunt_temple_overflow_open,
          lemuel_zombie_altar_yredelemnul, serial_shops, shop,
          kennysheep_nondescript, uniq_maggie
D:8:      layout_rooms, nicolae_ossuary_entry_ruins, minmay_crystal_water,
          minmay_checkerbox, uniq_grum
D:9:      layout_loops_corners, erik_lair_island
Temple:   compressed_dpeg_circular_temple
Lair:1:   layout_hall_layers, minivault_27, lemuel_fruit_tree
Lair:2:   layout_layer_cave, nicolae_spider_entry_lesser_pyramids, uniq_fannar
Orc:1:    layout_diamond_mine, statue_in_the_mist_lemuel
Orc:2:    grunt_orc_gardens, layout_diamond_mine, grunt_orc_garden,
          grunt_orc_garden, grunt_orc_garden, grunt_orc_garden

Skill      XL: |  1  2  3  4  5  6  7  8  9 10 11 |
---------------+----------------------------------+-----
Long Blades    | 3 4 |  4.0
Armour         | 1 2 3 4 5 6 7 |  7.0
Dodging        | 3 4 5 |  5.9
Short Blades   | 1 2 |  2.0
Unarmed Combat | 1 4 6 9 12 14 | 14.1
Fighting       | 4 5 |  5.2
Throwing       | 1 |  1.2
Evocations     | 2 3 |  3.0
Shields        | 1 |  1.6
Stealth        | |  0.9
Spellcasting   | |  0.1
Hexes          | |  0.1
Ice Magic      | |  0.3

Action                     |  1- 3 |  4- 6 |  7- 9 | 10-12 || total
---------------------------+-------+-------+-------+-------++-------
  Melee: Falchion          |    45 |       |       |       ||    45
         Dagger            |    28 |   101 |       |       ||   129
         Unarmed           |       |    52 |   266 |   596 ||   914
  Throw: Boomerang         |       |     7 |     4 |     2 ||    13
         Dart              |       |       |     2 |     1 ||     3
 Invoke: Serpent's Lash    |       |       |       |     1 ||     1
Ability: Lunge             |       |       |     7 |    56 ||    63
         Whirlwind         |       |       |     1 |   117 ||   118
         Wall Jump         |       |       |       |     3 ||     3
  Evoke: Wand              |       |       |     5 |       ||     5
         Piece from Xom's  |       |       |       |     1 ||     1
    Use: Potion            |       |       |     1 |     3 ||     4
         Scroll            |       |       |       |    23 ||    23
 Armour: Ring mail         |    15 |     4 |       |       ||    19
         Scale mail        |       |    32 |    63 |       ||    95
         Leather armour    |       |     5 |       |       ||     5
         Chain mail        |       |       |    14 |       ||    14
         Swamp dragon scal |       |       |    13 |   166 ||   179
  Dodge: Dodged            |    41 |    56 |   101 |   239 ||   437
  Block: Buckler           |       |       |     3 |    84 ||    87
